Map: Triton LE

Players

Astrea - Winner!

  • Race: Protoss Protoss
  • Spawn Location: 5:00

penny

  • Race: Protoss Protoss
  • Spawn Location: 11:00

VOD

Have the link to the VOD?

Description

Time

  • Played on: Sept. 6, 2019, 12:18 p.m.
  • Length: 4:10
Show
View Real Time Build Order
Export as new Build Order

Astrea Protoss - Winner!

Build Orders:  

Get SALT Encoding   

  12  0:00  Probe  
  13  0:13  Probe  
  14  0:17  Pylon  
  14  0:24  Probe  
  15  0:32  Probe  
  15  0:39  Gateway  
  15  0:40  Probe  
  16  0:46  Assimilator  
  17  0:51  Probe  
  17  0:54  Assimilator  
  18  0:59  Probe  
  19  1:07  Gateway, Probe  
  19  1:17  Probe  
  21  1:26  Cybernetics Core  
  21  1:29  Probe  
  22  1:34  Pylon  
  22  1:42  Probe  
  23  1:54  Warp Gate, Probe  
  24  2:02  Stalker x2  
  24  2:06  Probe  
  29  2:15  Pylon  
  29  2:20  Probe  
  30  2:33  Stalker x2  
  34  2:40  Robotics Facility  
  34  2:48  Gateway  
  34  3:03  Stalker x2  
  38  3:09  Pylon  
  38  3:17  Warp Prism  
  40  3:35  Shield Battery  
  40  3:43  Stalker  
  40  3:47  Stalker  
  44  3:52  Stalker  
Show
View Real Time Build Order
Export as new Build Order

penny Protoss 

Build Orders:  

Get SALT Encoding   

  12  0:01  Probe  
  13  0:13  Probe  
  14  0:17  Pylon  
  14  0:24  Probe  
  15  0:32  Probe  
  15  0:39  Gateway  
  15  0:40  Probe  
  16  0:47  Assimilator  
  17  0:52  Probe  
  19  1:04  Probe  
  19  1:12  Gateway  
  19  1:16  Probe  
  20  1:28  Cybernetics Core  
  20  1:31  Probe  
  21  1:42  Assimilator  
  21  1:43  Probe  
  21  1:46  Warp Gate  
  22  1:47  Pylon  
  22  1:55  Probe  
  23  2:06  Stalker  
  23  2:08  Probe  
  26  2:13  Stalker  
  28  2:23  Probe  
  29  2:34  Pylon  
  29  2:41  Pylon  
  29  2:46  Stalker  
  31  2:52  Stalker  
  33  2:59  Gateway  
  33  3:06  Probe  
  33  3:08  Gateway  
  32  3:34  Stalker x2  
  32  3:40  Probe  
  35  3:57  Probe  
  32  4:03  Stalker  
Tags
 
Matchup
PvP
Player
Astrea
Spawn Locations
Cross Positions
Add a new tag
Caveats
  • Supply blocks, unpowered buildings, or Contaminate may cause inaccurate times.
  • Supply counts are checked every 10 seconds.